AoeStats
← BottleDry

Oasis

507580968Analyzed
3v3 RM · 14d ago on Sep 18, 2026· 45m 4s· 6 players
Game mode
Random Map
Map size
Normal (6 player)
Population
200
Speed
Normal
Resources
Standard
Victory
Conquest
Starting age
Dark Age
Ending age
Imperial Age
RankedLock teamsTeams togetherTeam positionsShared explorationLock speedFull tech treeHidden civsTurbo modeCheats
Victory
Defeat
🇪🇸 Persians · Spain
1129
+11
🇪🇸 Romans · Spain
1056
+14
🇵🇪 Burgundians · Peru
1055
+14
🇺🇸 Teutons · United States
1072
-16
🇺🇸 Celts · United States
994
-12
🇺🇸 Burgundians · United States
956
-11
RaskWarrioR
6:25 Double-Bit Axe
6:45 Loom
9:18 Feudal Age
9:09 Double-Bit Axe
9:07 Horse Collar
16:50 Bow Saw
16:42 Heavy Plow
16:33 Gold Mining
21:04 Castle Age
20:15 Gold Shaft Mining
20:18 Wheelbarrow
21:33 Cavalier
22:14 Husbandry
23:20 Two-Man Saw
25:09 Crop Rotation
25:11 Hand Cart
29:39 Imperial Age
27:06 Light Cavalry
28:05 Stone Mining
29:24 Stone Shaft Mining
29:43 Paladin
29:44 Light Cavalry
33:07 Scale Barding Armor
33:13 Forging
35:18 Chain Barding Armor
35:35 Iron Casting
35:40 Hussar
37:31 Plate Barding Armor
39:03 Blast Furnace
44:28 Caravan
Flames44
4:02 Loom
12:19 Feudal Age
12:43 Double-Bit Axe
15:11 Horse Collar
18:00 Castle Age
25:14 Heavy Plow
26:31 Bow Saw
29:54 Wheelbarrow
29:08 Town Watch
29:15 Fletching
29:26 Padded Archer Armor
28:49 Crossbowman
30:08 Caravan
32:59 Imperial Age
30:48 Hand Cart
30:45 Bodkin Arrow
31:33 Ballistics
31:22 Thumb Ring
31:35 Leather Archer Armor
32:06 Kamandaran
32:35 Gold Mining
32:35 Stone Mining
34:16 Two-Man Saw
33:47 Crop Rotation
33:55 Stone Shaft Mining
33:59 Gold Shaft Mining
34:29 Chemistry
34:11 Ring Archer Armor
34:38 Conscription
35:01 Masonry
35:34 Hoardings
35:57 Hoardings
35:43 Forging
35:40 Scale Barding Armor
37:54 Iron Casting
37:40 Chain Barding Armor
37:25 Husbandry
36:47 Cavalier
37:39 Bloodlines
38:36 Citadels
38:42 Savar
40:16 Architecture
41:13 Blast Furnace
41:51 Plate Barding Armor
42:15 Heavy Camel Rider
43:23 Heavy Camel Rider
CaptainFlam
13:32 Feudal Age
19:43 Castle Age
17:37 Double-Bit Axe
17:49 Horse Collar
18:47 Gold Mining
18:53 Stone Mining
21:44 Gold Shaft Mining
24:01 Bow Saw
27:02 Heavy Plow
31:10 Imperial Age
29:07 Ballistics
29:50 Wheelbarrow
29:01 Town Watch
29:02 Loom
29:13 Fletching
30:32 Bodkin Arrow
30:38 Pikeman
31:18 Squires
31:31 Padded Archer Armor
32:07 Hand Cart
32:19 Heavy Scorpion
33:39 Caravan
33:25 Capped Ram
34:38 Siege Ram
37:29 Ballistas
36:58 Elite Skirmisher
37:59 Halberdier
40:22 Forging
40:12 Scale Mail Armor
40:29 Leather Archer Armor
40:51 Man-at-Arms
42:09 Conscription
44:15 Town Patrol
44:36 Fervor
45:06 Iron Casting
44:47 Chain Mail Armor
45:02 Ring Archer Armor
44:38 Scale Barding Armor
5WhiskeyTango
1:03 Loom
12:21 Feudal Age
18:42 Double-Bit Axe
19:04 Stone Mining
19:02 Horse Collar
21:26 Castle Age
20:57 Scale Mail Armor
21:28 Gold Mining
22:56 Bow Saw
24:58 Caravan
26:02 Town Watch
26:53 Wheelbarrow
25:52 Pikeman
30:54 Hand Cart
31:28 Gold Shaft Mining
35:30 Imperial Age
34:44 Fortified Wall
34:30 Murder Holes
35:50 Husbandry
35:11 Light Cavalry
35:59 Heavy Plow
35:57 Onager
37:02 Hussar
39:02 Stone Shaft Mining
38:55 Scale Barding Armor
39:06 Chain Mail Armor
39:01 Forging
39:33 Man-at-Arms
45:13 Plate Mail Armor
45:19 Iron Casting
Age_noob
4:14 Loom
15:11 Feudal Age
15:53 Double-Bit Axe
17:33 Horse Collar
21:31 Stone Mining
24:46 Castle Age
24:51 Gold Mining
25:19 Forging
26:11 Wheelbarrow
26:25 Town Watch
27:31 Bow Saw
29:38 Pikeman
33:44 Scale Mail Armor
34:22 Fletching
34:55 Squires
36:15 Bloodlines
36:14 Elite Skirmisher
37:13 Bodkin Arrow
41:49 Imperial Age
39:28 Padded Archer Armor
40:33 Stone Shaft Mining
40:08 Scale Barding Armor
41:20 Fortified Wall
42:15 Halberdier
45:46 Crenellations
BottleDry
5:46 Double-Bit Axe
7:12 Horse Collar
11:11 Feudal Age
17:14 Castle Age
17:06 Forging
17:58 Husbandry
17:22 Light Cavalry
18:15 Scale Barding Armor
19:09 Bow Saw
20:32 Loom
22:00 Wheelbarrow
22:13 Heavy Plow
23:43 Two-Man Saw
23:22 Gold Mining
23:28 Stone Mining
27:18 Guilds
30:32 Imperial Age
27:52 Cavalier
29:30 Iron Casting
29:34 Hand Cart
29:26 Town Watch
30:33 Chain Barding Armor
32:27 Blast Furnace
32:30 Conscription
32:57 Plate Barding Armor
32:49 Paladin
34:04 Burgundian Vineyards
38:20 Hussar
Connection lost

Rejoining the realm…

Still unreachable

The connection could not be restored.

Session expired

The server has moved on; the page needs a fresh start.